 Dungeon Crawl Stone Soup version 0.26-a0-376-g13fbb91ece (webtiles) character file.

Game seed: 12146024143194593157

(classic levelgen) 14658 EnegeticOcto the Grappler (level 11, -4/111 HPs)
             Began as a Troll Earth Elementalist on July 20, 2020.
             Was an Elder of Cheibriados.
             Slain by Snorg (18 damage)
             ... on level 1 of the Orcish Mines.
             The game lasted 00:37:04 (4838 turns).

EnegeticOcto the Grappler (TrEE)                    Turns: 4838, Time: 00:37:05

Health: -4/111     AC: 11    Str: 27    XL:     11   Next: 91%
Magic:  13/14      EV:  9    Int: 23    God:    Cheibriados [****..]
Gold:   1434       SH: 11    Dex: 19    Spells: 3/12 levels left

rFire    + . .     SeeInvis .     - Unarmed
rCold    . . .     Faith    .   q - +0 kite shield
rNeg     . . .     Spirit   .   F - +0 acid dragon scales
rPois    .         Reflect  .   (helmet restricted)
rElec    .         Harm     .   y - +0 cloak {Stlth+}
rCorr    +                      (gloves unavailable)
MR       .....                  (boots unavailable)
Stlth    ++........             d - amulet of regeneration
HPRegen  1.08/turn              A - ring of protection from fire
MPRegen  0.14/turn              (no ring)

@: very slow
A: large, unfitting armour, claws 3, regeneration 1, shaggy fur 1, tough skin 3
a: Bend Time, Temporal Distortion, Slouch, Renounce Religion


You were on level 1 of the Orcish Mines.
You worshipped Cheibriados.
Cheibriados was greatly pleased with you.
You visited 3 branches of the dungeon, and saw 16 of its levels.

You collected 3099 gold pieces.
You spent 1665 gold pieces at shops.

Inventory:

Missiles
 b - 191 stones
 k - 2 javelins
 p - 4 curare-tipped darts
 E - 7 boomerangs (quivered)
 I - 3 large rocks
Armour
 c - a +1 robe
 q - a +0 kite shield (worn)
 y - a +0 cloak of stealth (worn)
 F - +0 acid dragon scales (worn)
Magical Staves
 a - an uncursed staff of wizardry
Jewellery
 d - an amulet of regeneration (around neck)
 A - a ring of protection from fire (left claw)
Wands
 l - a wand of flame (4) {@v4}
 r - a wand of disintegration (17)
 C - a wand of acid (7) {@v1}
Scrolls
 f - 2 scrolls of immolation
 h - a scroll of amnesia
 i - a scroll of summoning
 o - a scroll of enchant armour
 v - a scroll of remove curse {@r2}
 w - 2 scrolls of fear {!r}
 G - 3 scrolls of teleportation {@r3 !r}
 J - a scroll of holy word {unknown}
Potions
 e - 3 potions of flight
 g - 2 potions of berserk rage
 j - 2 potions of stabbing {unknown}
 m - 3 potions of mutation
 n - 6 potions of curing {@q1 !q}
 s - 3 potions of heal wounds {@q2 !q}
 t - a potion of ambrosia {unknown}
 u - 2 potions of brilliance {unknown}
 x - 9 potions of degeneration
 z - a potion of lignification {unknown}
 B - a potion of might {unknown}
 D - 2 potions of resistance
 H - a potion of magic {unknown}


   Skills:
 + Level 7.9 Fighting
 - Level 1.5 Dodging
 - Level 1.0 Stealth
 + Level 6.6 Shields
 - Level 11.5 Unarmed Combat
 - Level 1.2 Spellcasting
 + Level 3.6 Translocations
 - Level 0.6 Transmutations
 - Level 5.0 Earth Magic
 + Level 5.9 Invocations


You had 3 spell levels left.
You knew the following spells:

 Your Spells              Type           Power        Failure   Level
a - Sandblast             Erth           ###...       3%          1
b - Passage of Golubria   Tloc           N/A          54%         4
p - Passwall              Tmut/Erth      ##......     14%         2
Y - Blink                 Tloc           N/A          10%         2

Your spell library contained the following spells:

 Spells                   Type           Power        Failure   Level
 Gell's Gravitas          Tloc           ###.......   19%         3
 Lesser Beckoning         Tloc           ###.......   19%         3
 Teleport Other           Tloc           ###.....     19%         3
 Corona                   Hex            #......      28%         1
 Stone Arrow              Conj/Erth      ##....       30%         3
 Ensorcelled Hibernation  Hex/Ice        #.....       41%         2
 Confusing Touch          Hex            #.......     65%         3
 Dazzling Flash           Conj/Hex       #.....       65%         3
 Tukima's Dance           Hex            #.......     65%         3
 Petrify                  Tmut/Erth      ##......     65%         4
 Leda's Liquefaction      Hex/Erth       ##........   71%         4
 Lee's Rapid Deconstruct  Erth           ###.......   71%         5
 Bolt of Magma            Conj/Fire/Erth #.........   99%         5
 Iron Shot                Conj/Erth      ##........   100%        6
 Statue Form              Tmut/Erth      ##.......    100%        6
 Shatter                  Erth           ###.......   100%        9


Dungeon Overview and Level Annotations

Branches:
Dungeon (14/15)            Temple (1/1) D:7             Orc (1/2) D:11
   Lair: D:8-11      Vaults: D:13-14

Altars:
Cheibriados
Dithmenos
Elyvilon
Fedhas
Gozag
Hepliaklqana
Makhleb
Nemelex Xobeh
Okawaru
Qazlal
Ru
Sif Muna
Trog
Uskayaw
Vehumet
Wu Jian
Xom
Yredelemnul
The Shining One

Shops:
D:5 :   D:12 **

Annotations:
D:8 exclusion: upstairs
D:9 lair
Orc:1 Snorg


Innate Abilities, Weirdness & Mutations

You are too large for most types of armour.
You have claws for hands.
Your natural rate of healing is unusually fast.
You are covered in fur. (AC +1)
You have extremely tough skin. (AC +3)


Message History

Cheibriados appreciates the change of pace.
The orc warrior hits you with a +0 scimitar!
The orc warrior gestures wildly.
The orc warrior misses you.
Things that are here:
a +0 dagger; a potion of degeneration; an orc corpse You barely miss the orc warrior.
The orc warrior is almost dead.
You block the orc warrior's attack.
You barely miss the orc warrior.
The orc warrior is almost dead.
You block the orc warrior's attack.
You strike the helpless orc warrior from behind!
You scratch the orc warrior but do no damage.
The orc warrior is almost dead.
You scratch the orc warrior but do no damage.
The orc warrior is almost dead.
The orc warrior hits you with a +0 scimitar!
You catch the helpless orc warrior completely off-guard!
You claw the orc warrior!
You kill the orc warrior!
Cheibriados thoroughly appreciates the change of pace.
No target in view!
x - 8 potions of degeneration (gained 1)
Things that are here:
a +0 dagger; an orc corpse
Found a potion of degeneration.
Found a staircase to the Orcish Mines.
Things that are here:
a +0 scimitar; a +0 plate armour
x - 9 potions of degeneration (gained 1)
There is a staircase to the Orcish Mines here.
You climb downwards.
Welcome to the Orcish Mines!
You feel a wave of frost pass over you.
There is an entrance to an ice cave on this level.
Hurry and find it before the portal melts!
There is a staircase back to the Dungeon here.
Found 49 gold pieces.
Found a stone staircase leading down.
You now have 1434 gold pieces (gained 29).
Found 32 gold pieces.
Snorg the Insatiable comes into view.
Snorg shouts!
You hear a shout! x3
Found a stone staircase leading down.
Throwing (i - inventory. (/) - cycle)
E - 7 boomerangs (quivered)
Press: ? - help, Shift-Dir - straight line, f - Snorg
Aim: Snorg You throw a boomerang.
The boomerang hits Snorg.
Snorg is lightly wounded.
Throwing (i - inventory. (/) - cycle)
E - 7 boomerangs (quivered)
Press: ? - help, Shift-Dir - straight line, f/p - Snorg
Aim: Snorg (lightly wounded)
You throw a boomerang. The boomerang barely misses Snorg.
Casting: Blink (safe; 10% risk of failure)
Confirm with . or Enter, or press ? or * to list all spells.
Aiming: Sandblast (safe; 3% risk of failure)
Press: ? - help, Shift-Dir - straight line, f/p - Snorg
Aim: Snorg The blast of sand hits Snorg!!
Snorg is lightly wounded.
b - 192 stones
Casting: Sandblast (safe; 3% risk of failure)
Confirm with . or Enter, or press ? or * to list all spells.
Aiming: Sandblast (safe; 3% risk of failure)
Press: ? - help, Shift-Dir - straight line, f/p - Snorg
Aim: Snorg (lightly wounded)
The blast of sand hits Snorg!!
Snorg is heavily wounded.
b - 191 stones You mangle Snorg!!
Snorg is heavily wounded.
You block Snorg's attack. x2; Snorg claws you but does no damage.
You claw Snorg!
Snorg is severely wounded.
Snorg bites you! Snorg claws you but does no damage. x2
You completely miss Snorg.
Snorg is severely wounded.
You closely miss Snorg.
Snorg is severely wounded.
Snorg goes berserk!
You mangle Snorg!!
Snorg is severely wounded.
Snorg bites you! Snorg claws you. Snorg claws you! Snorg bites you!!
Snorg claws you. Snorg claws you!
You scratch Snorg but do no damage.
Snorg is severely wounded.
You block Snorg's attack. Snorg claws you!
* * * LOW HITPOINT WARNING * * *
Snorg barely misses you.
Okay, then.
Evoke which item? (* to show all) (? for menu, Esc to quit)
Aiming: Corrosive Bolt
Press: ? - help, Shift-Dir - straight line, f/p - Snorg
Aim: Snorg (severely wounded, berserk)
The bolt of acid hits Snorg!
Snorg is splashed with acid.
The acid corrodes Snorg!
Snorg is almost dead.
You hear a shout!
Snorg bites you!!
* * * LOW HITPOINT WARNING * * *
Snorg claws you!!
You die...

##....##
##......###
###......##.##
##............#
.............##
.#.........##.##
............<..#
...............#
..........@.#.##
.......#.#T..##
...>........$#
.........#....#
.$........#.##
....#.......
...........# ..
.>....#


You could see Snorg (berserk, corroded).

Vanquished Creatures
  2 two-headed ogres
  2 centaur warriors (D:14)
  A cyclops (D:11)
  A gargoyle (D:10)
  Maggie (D:7)
  4 centaur skeletons
  A komodo dragon (D:14)
  Prince Ribbit (D:6)
  2 hippogriffs
  2 wraiths
  3 wyverns
  15 yaks
  Menkaure (D:5)
  Edmund (D:6)
  A water moccasin (D:11)
  Duvessa (D:6)
  5 orc warriors
  A hornet zombie (D:12)
  A swamp drake (D:11)
  3 sky beasts
  A black bear (D:6)
  2 eyes of draining
  2 ogres
  5 phantoms
  3 ice beasts
  2 necrophages
  6 centaurs
  Blork the orc (D:6)
  9 bullfrogs
  2 big kobolds
  A scorpion (D:8)
  Dowan (D:6)
  A wyvern skeleton (D:7)
  9 killer bees (D:11)
  A howler monkey (D:6)
  6 jellies
  2 centaur zombies
  A bullfrog zombie (D:7)
  2 quasits (D:11)
  A gnoll shaman (D:6)
  12 hounds
  7 orc priests
  Crazy Yiuf (D:6)
  Ijyb (D:5)
  2 bullfrog skeletons
  2 iguanas
  8 orc wizards
  14 worker ants
  2 hound zombies
  2 hound skeletons
  A howler monkey zombie (D:11)
  5 gnolls
  6 adders
  A white imp (D:8)
  2 ufetubi
  An adder zombie (D:10)
  2 worms
  A dart slug (D:1)
  4 leopard geckos
  28 orcs
  A ball python (D:2)
  A bat (D:3)
  3 giant cockroaches
  4 goblins
  5 quokkas
  A ball python skeleton (D:4)
  2 frilled lizards
  8 kobolds
  A quokka zombie (D:6)
  3 rats
238 creatures vanquished.

Notes
Turn   | Place    | Note
-------+----------+-------------------------------------------
     0 | D:1      | EnegeticOcto the Troll Earth Elementalist began the quest
                  | for the Orb.
     0 | D:1      | Reached XP level 1. HP: 16/16 MP: 1/1
    62 | D:1      | Reached skill level 2 in Unarmed Combat
    62 | D:1      | Reached XP level 2. HP: 5/24 MP: 0/2
    73 | D:1      | Learned a level 2 spell: Passwall
    81 | D:2      | Found a burning altar of Makhleb.
    90 | D:2      | Found a basalt altar of Yredelemnul.
   153 | D:2      | Found a faded altar of an unknown god.
   205 | D:3      | Found a shimmering altar of Xom.
   206 | D:3      | Found a shimmering altar of Xom.
   208 | D:3      | Found a shimmering altar of Xom.
   208 | D:3      | Found a shimmering altar of Xom.
   208 | D:3      | Found a shimmering altar of Xom.
   209 | D:3      | Found a shimmering altar of Xom.
   220 | D:3      | Reached XP level 3. HP: 31/31 MP: 3/3
   249 | D:4      | Found an opulent altar of Gozag.
   261 | D:4      | Reached skill level 3 in Unarmed Combat
   266 | D:3      | Found an ornate altar of the Wu Jian Council.
   324 | D:5      | Entered Level 5 of the Dungeon
   337 | D:5      | Noticed a big kobold
   360 | D:5      | Killed a big kobold
   360 | D:5      | Reached skill level 4 in Unarmed Combat
   360 | D:5      | Reached XP level 4. HP: 39/39 MP: 1/4
   369 | D:5      | Reached XP level 5. HP: 11/45 MP: 2/5
   373 | D:5      | Noticed a sky beast
   447 | D:5      | Found a sacrificial altar of Ru.
   451 | D:5      | Noticed Ijyb
   477 | D:5      | Killed Ijyb
   482 | D:5      | Reached skill level 5 in Unarmed Combat
   493 | D:5      | Noticed Menkaure
   497 | D:5      | Killed Menkaure
   497 | D:5      | Reached skill level 1 in Fighting
   497 | D:5      | Reached XP level 6. HP: 47/57 MP: 6/6
   533 | D:5      | Reached skill level 2 in Fighting
   589 | D:4      | Reached skill level 6 in Unarmed Combat
   657 | D:3      | Reached XP level 7. HP: 66/66 MP: 7/7
   694 | D:4      | Reached skill level 3 in Fighting
   771 | D:5      | Found Aniupam's Book Shoppe.
   822 | D:6      | Noticed Blork the orc
   839 | D:5      | Found a shadowy altar of Dithmenos.
   852 | D:5      | Found a stormy altar of Qazlal.
   853 | D:5      | Noticed a fire elemental
   855 | D:5      | Noticed an air elemental
   855 | D:5      | Noticed a water elemental
   975 | D:5      | Reached skill level 4 in Fighting
   983 | D:5      | Reached skill level 7 in Unarmed Combat
  1108 | D:7      | Reached XP level 8. HP: 74/78 MP: 8/8
  1133 | D:7      | Reached skill level 8 in Unarmed Combat
  1192 | D:7      | Found a staircase to the Ecumenical Temple.
  1270 | D:7      | Reached skill level 9 in Unarmed Combat
  1308 | D:6      | Noticed Dowan
  1323 | D:6      | Killed Dowan
  1330 | D:6      | Noticed Duvessa
  1343 | D:6      | Killed Duvessa
  1360 | D:6      | Noticed Prince Ribbit
  1370 | D:6      | Killed Prince Ribbit
  1370 | D:6      | Reached skill level 10 in Unarmed Combat
  1385 | D:6      | Noticed Edmund
  1397 | D:6      | Killed Edmund
  1397 | D:6      | Reached XP level 9. HP: 64/84 MP: 6/9
  1553 | D:8      | Noticed a two-headed ogre
  1569 | D:8      | Killed a two-headed ogre
  1569 | D:8      | Reached skill level 2 in Shields
  1569 | D:8      | Reached skill level 11 in Unarmed Combat
  1569 | D:8      | Reached skill level 3 in Earth Magic
  1702 | Temple   | Entered the Ecumenical Temple
  1838 | D:10     | Entered Level 10 of the Dungeon
  1850 | D:9      | Reached skill level 4 in Earth Magic
  1874 | D:9      | Reached skill level 5 in Fighting
  2138 | D:8      | Found a bloodstained altar of Trog.
  2299 | D:6      | Reached skill level 3 in Shields
  2301 | D:6      | Reached XP level 10. HP: 72/96 MP: 10/10
  2333 | D:6      | Killed Blork the orc
  2417 | D:6      | Found a runed translucent door.
  2418 | D:6      | Noticed Crazy Yiuf
  2422 | D:6      | Killed Crazy Yiuf
  2622 | D:3      | Found a snail-covered altar of Cheibriados.
  2641 | D:3      | Became a worshipper of Cheibriados the Contemplative
  2889 | D:9      | Found a sparkling altar of Nemelex Xobeh.
  2948 | D:10     | Reached skill level 5 in Earth Magic
  2970 | D:10     | Reached skill level 1 in Invocations
  2976 | D:10     | Noticed a gargoyle
  2982 | D:10     | Killed a gargoyle
  2982 | D:10     | Reached skill level 4 in Shields
  3039 | D:11     | Identified a scroll of acquirement
  3039 | D:11     | Acquired 2490 gold pieces
  3043 | D:11     | Reached * piety under Cheibriados
  3043 | D:11     | Reached skill level 2 in Invocations
  3069 | D:11     | Reached skill level 6 in Fighting
  3255 | D:5      | Bought a book of the Earth for 780 gold pieces
  3255 | D:5      | Bought a book of Spatial Translocations for 780 gold pieces
  3291 | D:7      | Noticed Maggie
  3305 | D:7      | Killed Maggie
  3372 | D:8      | You fall into a shaft and drop 1 floor!
  3403 | D:10     | Reached skill level 3 in Invocations
  3455 | D:10     | Reached skill level 5 in Shields
  3569 | D:9      | Learned a level 2 spell: Blink
  3574 | D:9      | Learned a level 4 spell: Passage of Golubria
  3675 | D:11     | You fall into a shaft and drop 3 floors!
  3690 | D:14     | Reached ** piety under Cheibriados
  3690 | D:14     | Reached skill level 4 in Invocations
  3690 | D:14     | Reached XP level 11. HP: 101/107 MP: 11/13
  3738 | D:14     | Reached skill level 1 in Translocations
  3911 | D:14     | Noticed a centaur warrior
  3921 | D:14     | Killed a centaur warrior
  3984 | D:14     | Noticed a centaur warrior
  4003 | D:14     | Killed a centaur warrior
  4003 | D:14     | Reached skill level 7 in Fighting
  4011 | D:14     | Reached skill level 2 in Translocations
  4074 | D:12     | Found Ogiggasa's Demolitions Depot.
  4103 | D:12     | Reached skill level 5 in Invocations
  4130 | D:12     | Found a basalt altar of Yredelemnul.
  4180 | D:12     | Reached skill level 6 in Shields
  4192 | D:12     | Found Niuteiph's General Store.
  4197 | D:12     | Bought a scroll of identify for 30 gold pieces
  4197 | D:12     | Bought a potion of heal wounds for 75 gold pieces
  4274 | D:12     | Noticed a two-headed ogre
  4281 | D:12     | Killed a two-headed ogre
  4307 | D:12     | Reached *** piety under Cheibriados
  4312 | D:12     | Reached skill level 3 in Translocations
  4717 | D:11     | Reached **** piety under Cheibriados
  4798 | D:11     | Found a staircase to the Orcish Mines.
  4814 | Orc:1    | Entered Level 1 of the Orcish Mines
  4827 | Orc:1    | Noticed Snorg
  4838 | Orc:1    | Slain by Snorg

Illustrated notes

Levels and vault maps discovered:
D:1:      scummos_arrival_forest, layout_basic
D:2:      layout_rooms, nicolae_overflow_hidden_temple, lightli_temple_of_fire,
          chequers_ecumenical_altar_island, roderic_lattice_a,
          kennysheep_jessica_study
D:3:      layout_rooms, lemuel_round_altar, overflow_temple_1_default,
          xom_redecorated, serial_forest, infiniplex_forest_lined_2,
          infiniplex_forest_clump_long, infiniplex_forest_clump_diagonal,
          infiniplex_forest_end_double, infiniplex_forest_clump_curved,
          infiniplex_forest_3_way, nrook_loot_triangle, uniq_natasha
D:4:      cheibrodos_helix_gallery, layout_rooms, overflow_temple_1_default
D:5:      layout_basic, nicolae_qazlal_style_of_elements, serial_shops,
          nicolae_shop_crystal, basic_altar, nicolae_ru_awakened_eye, uniq_ijyb,
          uniq_menkaure
D:6:      layout_basic, marbit_many_paths, uniq_edmund, uniq_blork_the_orc,
          uniq_prince_ribbit1, uniq_duvessa, uniq_crazy_yiuf_cottage
D:7:      layout_rooms, minmay_temple_entry_from_below_a, uniq_maggie
D:8:      layout_basic, lemuel_coloured_pillars_altar
D:9:      layout_layer_cave, nemelex_xobeh_ov_fountains_minmay,
          erik_lair_dragon, grunt_decor_mini_mirrors, serial_park_tiny_2
D:10:     layout_stronghold, serial_shops, shop,
          minmay_fractal_squares_diagonal_5
D:11:     lemuel_slime, layout_long_grid, erik_orc_1
D:12:     layout_stronghold, basic_altar, serial_shops, kennysheep_little_box,
          nicolae_blasting_shop
D:13:     layout_roguey, david_vaults_1, minivault_22
D:14:     layout_grid_maze, nrook_mini_backslash
Temple:   eino_temple_lava
Orc:1:    layout_caves, portal_ice_cave_demonic_guard, mines2_david,
          uniq_nergalle, uniq_snorg

Skill      XL: |  1  2  3  4  5  6  7  8  9 10 11 |
---------------+----------------------------------+-----
Unarmed Combat | 2 4 5 6 7 10 11 | 11.5
Fighting       | 1 2 4 5 6 7 |  7.9
Shields        | 3 5 6 |  6.6
Earth Magic    | 4 5 |  5.0
Invocations    | 4 5 |  5.9
Translocations | 3 |  3.6
Dodging        | |  1.5
Stealth        | |  1.0
Spellcasting   | |  1.2
Transmutations | |  0.6

Action                   |  1- 3 |  4- 6 |  7- 9 | 10-12 || total
-------------------------+-------+-------+-------+-------++-------
Melee: Unarmed           |    68 |    68 |   233 |   508 ||   877
       Punch             |       |     2 |     8 |       ||    10
Throw: Stone             |       |     1 |       |       ||     1
       Boomerang         |       |       |       |     2 ||     2
 Cast: Sandblast         |     6 |     2 |    18 |     9 ||    35
       Passwall          |       |       |     4 |    13 ||    17
       Blink             |       |       |       |    15 ||    15
Invok: Bend Time         |       |       |       |     4 ||     4
       Slouch            |       |       |       |     1 ||     1
Evoke: Wand              |       |     4 |       |     2 ||     6
  Use: Scroll            |     1 |       |    10 |    10 ||    21
       Potion            |       |       |     2 |     1 ||     3
 Stab: Distracted        |       |       |     1 |       ||     1
       Confused          |       |       |       |     2 ||     2
       Sleeping          |       |       |       |     2 ||     2
Armor: Robe              |    19 |    23 |    69 |    54 ||   165
       Acid dragon scale |       |       |       |   126 ||   126
Dodge: Dodged            |    42 |    33 |    76 |   145 ||   296
Block: Kite shield       |       |       |    23 |   241 ||   264

Table legend: (Time is in decaauts)
 A = Elapsed time spent in this place.
 B = Non-inter-level travel time spent in this place.
 C = Inter-level travel time spent in this place.
 D = Time resting spent in this place.
 E = Time spent auto-exploring this place.
 F = Levels seen in this place.
 G = Mean time per level.
                   A        B        C        D        E       F      G
               +--------+--------+--------+--------+--------+-----+--------+
         Total |   5368 |   5360 |      8 |      0 |      0 |  16 |  335.5 |
       Dungeon |   5313 |   5305 |      8 |      0 |      0 |  14 |  379.5 |
        Temple |     22 |     22 |      0 |      0 |      0 |   1 |   22.0 |
  Orcish Mines |     32 |     32 |      0 |      0 |      0 |   1 |   32.0 |
               +--------+--------+--------+--------+--------+-----+--------+
